 Dungeon Crawl Stone Soup version 0.28-a0-178-ga708605c5b (webtiles) character file.

Game seed: 2500413903665717729

198 theanonym the Skirmisher (level 5, 0/43 HPs)
             Began as a Mummy Brigand on Aug 18, 2021.
             Slain by Grinder (4 damage)
             ... on level 3 of the Dungeon.
             The game lasted 00:06:03 (2904 turns).

theanonym the Skirmisher (Mummy Brigand)            Turns: 2904, Time: 00:06:03

Health: 0/43       AC: 11    Str: 15    XL:     5   Next: 47%
Magic:  14/14      EV:  6    Int: 11    God:
Gold:   55         SH:  0    Dex: 13    Spells: 4/4 levels left

rFire   . . .      SeeInvis .   a - +0 flail
rCold   + . .      Faith    .   (no shield)
rNeg    + + +      Spirit   .   h - +0 chain mail
rPois   ∞          Reflect  .   b - +0 helmet
rElec   .          Harm     .   c - +1 cloak
rCorr   .          Rampage  .   (no gloves)
Will    .....                   (no boots)
Stlth   ..........              (no amulet)
HPRegen 0.14/turn               f - ring of magical power
MPRegen 0.14/turn               j - ring of protection from fire

@: no status effects
A: cold resistance 1, negative energy resistance 3, torment resistance 2, heat
vulnerability 1, no potions
a: no special abilities


Innate Abilities, Weirdness & Mutations

You are immune to poison.
Your flesh is cold resistant. (rC+)
You are immune to negative energy. (rN+++)
You are immune to unholy pain and torment.
You are vulnerable to heat. (rF-)
You do not drink.


   Skills:
 + Level 4.7 Fighting
 - Level 1.5 Short Blades
 * Level 2.5 Maces & Flails
 - Level 1.5 Throwing
 - Level 0.7 Dodging
 - Level 3.2 Stealth


You had 4 spell levels left.
You didn't know any spells.
Your spell library contained the following spells:

 Spells                   Type           Power      Damage    Failure   Level
 Sticky Flame             Conj/Fire      0%         2d3       100%        4
 Ignition                 Fire           0%         3d3       100%        8

Skill      XL: |  1  2  3  4 |
---------------+-------------+-----
Fighting       | 3 4 |  4.7
Maces & Flails | 2 |  2.5
Short Blades   | |  1.5
Throwing       | |  1.5
Dodging        | |  0.7
Stealth        | |  3.2

Action                   |  1- 3 |  4- 6 || total
-------------------------+-------+-------++-------
Melee: Dagger            |    74 |       ||    74
       Whip              |     8 |    39 ||    47
       Flail             |       |   111 ||   111
Throw: Dart              |     6 |     8 ||    14
  Use: Scroll            |     3 |     2 ||     5
 Stab: Sleeping          |     5 |       ||     5
Armor: Robe              |     7 |       ||     7
       Ring mail         |    31 |    13 ||    44
       Chain mail        |       |   102 ||   102
Dodge: Dodged            |    34 |    56 ||    90

Inventory:

Hand Weapons
 a - a +0 flail (weapon)
Missiles
 d - 8 poisoned darts (quivered)
 e - a curare-tipped dart
Armour
 b - a +0 helmet (worn)
 c - a +1 cloak (worn)
 h - a +0 chain mail (worn)
Jewellery
 f - a ring of magical power (left hand)
 j - a ring of protection from fire (right hand)
Scrolls
 r - 3 scrolls of identify


You were on level 3 of the Dungeon.
You visited 1 branch of the dungeon, and saw 3 of its levels.

You collected 55 gold pieces.

Dungeon Overview and Level Annotations

Branches:
Dungeon (3/15)

Altars:

Annotations:
D:2 exclusion: goblin
D:3 Grinder

#...# #.....###.###......
.###.########.#.#.###.##.......
#>........#.......##.####..
#....###..#.#..##.##..)<#.. #.
#.....##.>.................
#.###.#..#.##.##.......##....#.#
#....##†.#.##.##.#####.##.(....#
#.........<...##...........#####
...####.#.#.#..5@<.########.# #
#...........###.# #.##
#.##..##.#..# #.# #..#
#.##..##.....##.# ##.#
......####...##.# #÷## .....#.#
...##.# #..# #.....#.. .....#
####.# #.....####
############....# #.....#
#≈≈≈≈≈≈#≈≈≈#....#


You could see Grinder.

Notes
Turn   | Place    | Note
-------+----------+-------------------------------------------
     0 | D:1      | theanonym the Mummy Brigand began the quest for the Orb.
     0 | D:1      | Reached XP level 1. HP: 16/16 MP: 1/1
   176 | D:1      | Found a faded altar of an unknown god.
   176 | D:1      | Noticed a red devil
   352 | D:1      | Reached XP level 2. HP: 23/23 MP: 2/2
   535 | D:2      | Reached skill level 3 in Fighting
   719 | D:2      | HP: 12/24 [worm (5)]
   732 | D:2      | HP: 10/24 [adder (3)]
   735 | D:2      | Reached XP level 3. HP: 13/29 MP: 3/3
  1068 | D:2      | Reached skill level 4 in Fighting
  1503 | D:3      | Noticed Natasha
  1512 | D:3      | Killed Natasha
  1513 | D:3      | Reached XP level 4. HP: 37/37 MP: 4/4
  1519 | D:3      | Noticed Grinder
  1541 | D:3      | Paralysed by Grinder for 5 turns
  1544 | D:3      | HP: 18/37 [Grinder (3)]
  1704 | D:3      | Paralysed by Grinder for 6 turns
  1716 | D:3      | Paralysed by Grinder for 3 turns
  1719 | D:3      | HP: 18/37 [orc (1)]
  1722 | D:3      | HP: 8/37 [orc (4)]
  1728 | D:2      | Reached skill level 1 in Maces & Flails
  2025 | D:3      | Got the Collected Works on Ignition
  2179 | D:3      | Noticed Robin
  2400 | D:3      | Reached skill level 2 in Maces & Flails
  2400 | D:3      | Reached XP level 5. HP: 35/43 MP: 5/5
  2452 | D:3      | HP: 21/43 [river rat (1)]
  2456 | D:3      | HP: 10/43 [river rat (6)]
  2470 | D:3      | HP: 12/43 [adder (1)]
  2476 | D:3      | HP: 10/43 [adder (3)]
  2481 | D:3      | HP: 5/43 [adder (3)]
  2766 | D:3      | Killed Robin
  2882 | D:3      | Paralysed by Grinder for 3 turns
  2888 | D:3      | HP: 21/43 [Grinder (6)]
  2889 | D:3      | Paralysed by Grinder for 5 turns
  2902 | D:3      | HP: 14/43 [Grinder (6)]
  2903 | D:3      | HP: 4/43 [Grinder (7)]
  2904 | D:3      | Slain by Grinder

Vanquished Creatures
  An orc priest (D:3)
  Natasha (D:3)
  Robin (D:3)
  7 adders
  A river rat (D:3)
  2 worms
  A dart slug (D:2)
  3 orcs
  2 bats
  An endoplasm (D:1)
  2 giant cockroaches
  6 hobgoblins
  2 kobolds
  A quokka (D:2)
  3 ball pythons
  4 frilled lizards
  11 goblins
  10 rats
59 creatures vanquished.

Vanquished Creatures (others)
  A demonic plant (D:1)
1 creature vanquished.

Grand Total: 60 creatures vanquished

Table legend: (Time is in decaauts)
 A = Elapsed time spent in this place.
 B = Non-inter-level travel time spent in this place.
 C = Inter-level travel time spent in this place.
 D = Time resting spent in this place.
 E = Time spent auto-exploring this place.
 F = Levels seen in this place.
 G = Mean time per level.
                   A        B        C        D        E       F      G
               +--------+--------+--------+--------+--------+-----+--------+
         Total |   2990 |   2875 |    115 |   1098 |   1033 |   3 |  996.7 |
       Dungeon |   2990 |   2875 |    115 |   1098 |   1033 |   3 |  996.7 |
               +--------+--------+--------+--------+--------+-----+--------+

Top non-repeatable levels by time:
     D:2: 1622 daAuts
     D:3: 845 daAuts
     D:1: 523 daAuts
